| TOP OF THE 1ST |
|
Round Rock Express batting - Pitching for Shreveport Braves : RHP Albert Paglione
|
|
Pitching: RHP Albert Paglione
|
|
|
Batting: LHB Steve Lyons
|
0-0: Foul Ball, location: 2F 0-1: SINGLE (Flyball, 78S, EV 90.6 MPH)
|
|
Batting: RHB George Ramos
|
0-0: Ball Steve Lyons steals 2nd base 1-0: Ball 2-0: Ball 3-0: Base on Balls
|
|
Batting: LHB Al Chambers
|
0-0: Foul Ball, location: 2F 0-1: Ball 1-1: Ball 2-1: Called Strike 2-2: Foul Ball, location: 2F 2-2: Fly out, F9 (Flyball, 9LM, EV 89.4 MPH) Runner from 2nd tags up, SAFE at 3rd, no throw by RF
|
|
Batting: RHB Alejandro Sanchez
|
0-0: Ball George Ramos steals 2nd base 1-0: Fly out, F7 (Flyball, 78XD, EV 96.9 MPH) Runner from 3rd tags up, SCORES, no throw by LF George Ramos to third
|
|
Batting: LHB James Jennings
|
0-0: Ball 1-0: Fly out, F8 (Flyball, 89D, EV 108.1 MPH)
|
| Top of the 1st over - 1 run, 1 hit, 0 errors, 1 left on base; Round Rock 1 - Shreveport 0 |
| BOTTOM OF THE 1ST |
|
Shreveport Braves batting - Pitching for Round Rock Express : RHP Jesus Manaure
|
|
Pitching: RHP Jesus Manaure
|
|
|
Batting: LHB Rusty McNealy
|
0-0: Called Strike 0-1: Foul Ball, location: 2F 0-2: Strikes out swinging
|
|
Batting: LHB Robert Loscalzo
|
0-0: Foul Ball, location: 2F 0-1: Ground out 4-3 (Groundball, 4M, EV 88.1 MPH)
|
|
Batting: SHB Sap Randall
|
0-0: Ball 1-0: Ball 2-0: Ground out 5-3 (Groundball, 5L, EV 85.0 MPH)
|
| Bottom of the 1st over - 0 runs, 0 hits, 0 errors, 0 left on base; Round Rock 1 - Shreveport 0 |
| TOP OF THE 2ND |
|
Round Rock Express batting - Pitching for Shreveport Braves : RHP Albert Paglione
|
|
Batting: RHB Val Medina
|
0-0: SINGLE (Line Drive, 7LS, EV 100.0 MPH)
|
|
Batting: LHB William Sobbe
|
0-0: Ball 1-0: Ball 2-0: Foul Ball, location: 2F 2-1: Foul Ball, location: 2F 2-2: Ball 3-2: Foul Ball, location: 2F 3-2: Fly out, F7 (Flyball, 7LM, EV 94.4 MPH)
|
|
Batting: RHB Mike Sodders
|
0-0: Ball 1-0: Called Strike 1-1: Ball 2-1: Ball 3-1: Swinging Strike 3-2: Fielders Choice at 2nd, 6-4 (Groundball, 6, EV 79.4 MPH)
|
|
Batting: LHB Buck Showalter
|
0-0: Ball 1-0: Ball 2-0: Fly out, F9 (Flyball, 9LM, EV 91.9 MPH)
|
| Top of the 2nd over - 0 runs, 1 hit, 0 errors, 1 left on base; Round Rock 1 - Shreveport 0 |
| BOTTOM OF THE 2ND |
|
Shreveport Braves batting - Pitching for Round Rock Express : RHP Jesus Manaure
|
|
Batting: RHB Alfonso Gomez
|
0-0: Ball 1-0: Ball 2-0: Ball 3-0: Called Strike 3-1: Foul Ball, location: 2F 3-2: Foul Ball, location: 2F 3-2: Ground out 5-3 (Groundball, 56, EV 100.0 MPH)
|
|
Batting: LHB Tracy Dophied
|
0-0: Ball 1-0: Fly out, F7 (Flyball, 78M, EV 84.4 MPH)
|
|
Batting: RHB Scott Ullger
|
0-0: Ball 1-0: Ball 2-0: Called Strike 2-1: Foul Ball, location: 2F 2-2: Foul Ball, location: 2F 2-2: Strikes out looking
|
| Bottom of the 2nd over - 0 runs, 0 hits, 0 errors, 0 left on base; Round Rock 1 - Shreveport 0 |
| TOP OF THE 3RD |
|
Round Rock Express batting - Pitching for Shreveport Braves : RHP Albert Paglione
|
|
Batting: LHB Steve Lyons
|
0-0: DOUBLE (Line Drive, 78D, EV 101.3 MPH)
|
|
Batting: RHB George Ramos
|
0-0: Called Strike 0-1: Foul Ball, location: 2F 0-2: Strikes out swinging
|
|
Batting: LHB Al Chambers
|
0-0: Ball 1-0: Called Strike 1-1: Called Strike 1-2: Ball 2-2: Reached on error, E4 (Groundball, 4, EV 83.8 MPH) Steve Lyons scores
|
|
Batting: RHB Alejandro Sanchez
|
0-0: Ball 1-0: Ball 2-0: Foul Ball, location: 2F 2-1: Fly out, F8 (Flyball, 8LD, EV 96.9 MPH)
|
|
Batting: LHB James Jennings
|
0-0: Ball 1-0: Ground out 4-3 (Groundball, 34D, EV 83.8 MPH)
|
| Top of the 3rd over - 1 run, 1 hit, 1 error, 1 left on base; Round Rock 2 - Shreveport 0 |
| BOTTOM OF THE 3RD |
|
Shreveport Braves batting - Pitching for Round Rock Express : RHP Jesus Manaure
|
|
Batting: SHB Michael Lessard
|
0-0: Swinging Strike 0-1: Swinging Strike 0-2: Ball 1-2: Foul Ball, location: 2F 1-2: Ball 2-2: Foul Ball, location: 2F 2-2: Strikes out swinging
|
|
Batting: RHB Therron Harper
|
0-0: Called Strike 0-1: Foul Ball, location: 2F 0-2: Foul Ball, location: 2F 0-2: Ground out 3-1 (Groundball, 34, EV 105.0 MPH)
|
|
Batting: RHB Jeff Matthews
|
0-0: Ball 1-0: Called Strike 1-1: Swinging Strike 1-2: Strikes out swinging
|
| Bottom of the 3rd over - 0 runs, 0 hits, 0 errors, 0 left on base; Round Rock 2 - Shreveport 0 |
| TOP OF THE 4TH |
|
Round Rock Express batting - Pitching for Shreveport Braves : RHP Albert Paglione
|
|
Batting: RHB Val Medina
|
0-0: Fly out, F7 (Flyball, 7, EV 91.3 MPH)
|
|
Batting: LHB William Sobbe
|
0-0: Swinging Strike 0-1: SINGLE (Groundball, 34D, EV 99.4 MPH)
|
|
Batting: RHB Mike Sodders
|
0-0: Swinging Strike 0-1: Ball 1-1: Called Strike 1-2: Ball 2-2: Foul Ball, location: 2F 2-2: Fly out, F3 (Popup, 3F, EV 56.3 MPH)
|
|
Batting: LHB Buck Showalter
|
0-0: Ball William Sobbe is caught stealing 2nd base 2-6
|
| Top of the 4th over - 0 runs, 1 hit, 0 errors, 0 left on base; Round Rock 2 - Shreveport 0 |
| BOTTOM OF THE 4TH |
|
Shreveport Braves batting - Pitching for Round Rock Express : RHP Jesus Manaure
|
|
Batting: LHB Rusty McNealy
|
0-0: Ball 1-0: Ball 2-0: Called Strike 2-1: Ball 3-1: Ground out 6-3 (Groundball, 6, EV 83.8 MPH)
|
|
Batting: LHB Robert Loscalzo
|
0-0: Called Strike 0-1: Foul Ball, location: 2F 0-2: Foul Ball, location: 2F 0-2: Ball 1-2: Ball 2-2: Ball 3-2: Strikes out swinging
|
|
Batting: SHB Sap Randall
|
0-0: Ball 1-0: Ball 2-0: Ball 3-0: Base on Balls
|
|
Batting: RHB Alfonso Gomez
|
0-0: Foul Ball, location: 2F 0-1: Ball 1-1: Ball 2-1: Ball Sap Randall steals 2nd base 3-1: Reached on error, E6 (Groundball, 6, EV 80.6 MPH) Sap Randall to third
|
|
Batting: LHB Tracy Dophied
|
0-0: Ball 1-0: Ball 2-0: Called Strike 2-1: Ball 3-1: Called Strike 3-2: Strikes out swinging
|
| Bottom of the 4th over - 0 runs, 0 hits, 1 error, 2 left on base; Round Rock 2 - Shreveport 0 |
| TOP OF THE 5TH |
|
Round Rock Express batting - Pitching for Shreveport Braves : RHP Albert Paglione
|
|
Batting: LHB Buck Showalter
|
0-0: Fly out, F6 (Flyball, 56D, EV 88.1 MPH)
|
|
Batting: LHB Steve Lyons
|
0-0: Called Strike 0-1: Ball 1-1: Ball 2-1: Called Strike 2-2: SINGLE (Flyball, 56D, EV 96.3 MPH)
|
|
Batting: RHB George Ramos
|
0-0: Called Strike 0-1: Ball 1-1: Ball 2-1: Fly out, F8 (Line Drive, 8LD, EV 87.5 MPH)
|
|
Batting: LHB Al Chambers
|
0-0: Ball Steve Lyons steals 2nd, throwing error, E2 Steve Lyons to third 1-0: Called Strike 1-1: Foul Ball, location: 2F 1-2: Strikes out swinging
|
| Top of the 5th over - 0 runs, 1 hit, 1 error, 1 left on base; Round Rock 2 - Shreveport 0 |
| BOTTOM OF THE 5TH |
|
Shreveport Braves batting - Pitching for Round Rock Express : RHP Jesus Manaure
|
|
Batting: RHB Scott Ullger
|
0-0: Fly out, F9 (Flyball, 89M, EV 88.1 MPH)
|
|
Batting: SHB Michael Lessard
|
0-0: Ball 1-0: Ball 2-0: Ground out U3 (Groundball, 34, EV 84.4 MPH)
|
|
Batting: RHB Therron Harper
|
0-0: Ball 1-0: Ball 2-0: Ball 3-0: Called Strike 3-1: SINGLE (Groundball, 56D, EV 98.8 MPH)
|
|
Batting: RHB Jeff Matthews
|
0-0: Called Strike 0-1: Fly out, F8 (Flyball, 89XD, EV 90.0 MPH)
|
| Bottom of the 5th over - 0 runs, 1 hit, 0 errors, 1 left on base; Round Rock 2 - Shreveport 0 |
| TOP OF THE 6TH |
|
Round Rock Express batting - Pitching for Shreveport Braves : RHP Albert Paglione
|
|
Batting: RHB Alejandro Sanchez
|
0-0: Ball 1-0: Foul Ball, location: 2F 1-1: Called Strike 1-2: Strikes out swinging
|
|
Batting: LHB James Jennings
|
0-0: Ball 1-0: Ball 2-0: Ground out 6-3 (Groundball, 6, EV 99.4 MPH)
|
|
Batting: RHB Val Medina
|
0-0: Ball 1-0: Ball 2-0: Called Strike 2-1: Called Strike 2-2: DOUBLE (Line Drive, 5D, EV 102.5 MPH)
|
|
Batting: LHB William Sobbe
|
0-0: Intentional Walk
|
|
Batting: RHB Mike Sodders
|
0-0: Foul Ball, location: 2F 0-1: Fly out, F8 (Flyball, 8RM, EV 92.5 MPH)
|
| Top of the 6th over - 0 runs, 1 hit, 0 errors, 2 left on base; Round Rock 2 - Shreveport 0 |
| BOTTOM OF THE 6TH |
|
Shreveport Braves batting - Pitching for Round Rock Express : RHP Jesus Manaure
|
|
Batting: LHB Rusty McNealy
|
0-0: Ball 1-0: Foul Ball, location: 2F 1-1: Swinging Strike 1-2: Ball 2-2: Strikes out swinging
|
|
Batting: LHB Robert Loscalzo
|
0-0: Called Strike 0-1: Ball 1-1: Called Strike 1-2: Ball 2-2: Ball 3-2: Strikes out swinging
|
|
Batting: SHB Sap Randall
|
0-0: Ball 1-0: Foul Ball, location: 2F 1-1: Ball 2-1: Ball 3-1: Called Strike 3-2: Base on Balls
|
|
Batting: RHB Alfonso Gomez
|
0-0: Ball 1-0: Ball 2-0: SINGLE (Groundball, 56D, EV 105.6 MPH) (infield hit) Sap Randall to second
|
|
Batting: LHB Tracy Dophied
|
0-0: Called Strike 0-1: Swinging Strike 0-2: Ball 1-2: Ball 2-2: Ball 3-2: Strikes out swinging
|
| Bottom of the 6th over - 0 runs, 1 hit, 0 errors, 2 left on base; Round Rock 2 - Shreveport 0 |
| TOP OF THE 7TH |
|
Round Rock Express batting - Pitching for Shreveport Braves : RHP Albert Paglione
|
|
Batting: LHB Buck Showalter
|
0-0: Fly out, F7 (Flyball, 78S, EV 87.5 MPH)
|
|
Batting: LHB Steve Lyons
|
0-0: Ball 1-0: Ball 2-0: Called Strike 2-1: Called Strike 2-2: Fly out, F7 (Flyball, 78M, EV 86.9 MPH)
|
|
Batting: RHB George Ramos
|
0-0: Ball 1-0: Called Strike 1-1: SINGLE (Flyball, 4D, EV 86.3 MPH)
|
|
Batting: LHB Al Chambers
|
0-0: Ball George Ramos is caught stealing 2nd base 2-6
|
| Top of the 7th over - 0 runs, 1 hit, 0 errors, 0 left on base; Round Rock 2 - Shreveport 0 |
| BOTTOM OF THE 7TH |
|
Shreveport Braves batting - Pitching for Round Rock Express : RHP Jesus Manaure
|
|
Batting: RHB Scott Ullger
|
0-0: Ground out 4-3 (Groundball, 34, EV 84.4 MPH)
|
|
Batting: SHB Michael Lessard
|
0-0: Ball 1-0: Ball 2-0: Foul Ball, location: 2F 2-1: Ball 3-1: Called Strike 3-2: Base on Balls
|
|
Batting: RHB Therron Harper
|
0-0: Foul Ball, location: 2F 0-1: Fly out, F7 (Line Drive, 7, EV 91.3 MPH)
|
|
Batting: RHB Jeff Matthews
|
0-0: Called Strike 0-1: SINGLE (Groundball, 4MS, EV 87.5 MPH) (infield hit) Michael Lessard to second
|
|
Batting: LHB Rusty McNealy
|
0-0: Foul Ball, location: 2F 0-1: Foul Ball, location: 2F 0-2: Fielders Choice at 2nd, 6-4 (Groundball, 56, EV 85.0 MPH)
|
| Bottom of the 7th over - 0 runs, 1 hit, 0 errors, 2 left on base; Round Rock 2 - Shreveport 0 |
| TOP OF THE 8TH |
|
Round Rock Express batting - Pitching for Shreveport Braves : RHP Albert Paglione
|
|
Batting: LHB Al Chambers
|
0-0: Swinging Strike 0-1: Ball 1-1: Ball 2-1: Ball 3-1: Foul Ball, location: 2F 3-2: SINGLE (Groundball, 34D, EV 96.9 MPH)
|
|
Batting: RHB Alejandro Sanchez
|
0-0: Foul Ball, location: 2F 0-1: Ball Passed Ball! Al Chambers to second 1-1: Ball 2-1: Foul Ball, location: 2F 2-2: Foul Ball, location: 2F 2-2: Ball 3-2: Fly out, F8 (Flyball, 8LXD, EV 101.9 MPH) Runner from 2nd tags up, SAFE at 3rd, no throw by CF
|
|
Batting: LHB James Jennings
|
0-0: Intentional Walk
|
|
Batting: RHB Val Medina
|
0-0: Ground out 5-3 (Groundball, 6S, EV 71.9 MPH) James Jennings to second
|
|
Batting: LHB William Sobbe
|
0-0: Intentional Walk
|
|
Batting: RHB Mike Sodders
|
0-0: Ball 1-0: Fly out, F8 (Line Drive, 8LM, EV 98.8 MPH)
|
| Top of the 8th over - 0 runs, 1 hit, 0 errors, 3 left on base; Round Rock 2 - Shreveport 0 |
| BOTTOM OF THE 8TH |
|
Shreveport Braves batting - Pitching for Round Rock Express : RHP Jesus Manaure
|
|
Batting: LHB Robert Loscalzo
|
0-0: SINGLE (Line Drive, 56D, EV 110.0 MPH)
|
|
Batting: SHB Sap Randall
|
0-0: Ground out U3 (Groundball, 3S, EV 64.4 MPH) Robert Loscalzo to second
|
|
Batting: RHB Alfonso Gomez
|
0-0: Ball 1-0: Ball 2-0: Called Strike 2-1: SINGLE (Flyball, 3D, EV 86.9 MPH) Robert Loscalzo to third
|
|
Batting: LHB Tracy Dophied
|
0-0: DOUBLE (Line Drive, 3D, EV 98.1 MPH) Robert Loscalzo scores Alfonso Gomez to third
|
|
Batting: RHB Scott Ullger
|
0-0: Foul Ball, location: 2F 0-1: Ball 1-1: SINGLE (Groundball, 5D, EV 95.6 MPH) Alfonso Gomez scores Tracy Dophied to third Runner from 3rd tries for Home, SAFE, throw by LF to home Scott Ullger to second
|
|
Batting: SHB Michael Lessard
|
0-0: Called Strike 0-1: Ball 1-1: Ball 2-1: Ball 3-1: Ground out 4-3 (Groundball, 4, EV 76.9 MPH) Scott Ullger to third
|
|
Batting: RHB Therron Harper
|
0-0: Called Strike 0-1: Fly out, F4 (Popup, 4, EV 76.3 MPH)
|
| Bottom of the 8th over - 3 runs, 4 hits, 0 errors, 1 left on base; Round Rock 2 - Shreveport 3 |
| TOP OF THE 9TH |
|
Round Rock Express batting - Pitching for Shreveport Braves : RHP Albert Paglione
|
|
Pitching: RHP Philip Costello
|
|
|
Batting: LHB Dave Sanchez
|
0-0: Ball 1-0: Ball 2-0: Ball 3-0: Called Strike 3-1: Base on Balls
|
|
Batting: LHB Steve Lyons
|
0-0: Called Strike 0-1: Ball 1-1: Foul Ball, location: 2F 1-2: Ball 2-2: Foul Ball, location: 2F 2-2: Ball 3-2: SINGLE (Groundball, 34D, EV 96.9 MPH) Dave Sanchez to second Runner from 2nd tries for 3rd, SAFE, no throw by RF
|
|
Batting: RHB George Ramos
|
0-0: Foul Ball, location: 2F 0-1: Ball Passed Ball! Dave Sanchez scores Steve Lyons to second 1-1: Foul Ball, location: 2F 1-2: Ground out 6-3 (Groundball, 56, EV 87.5 MPH)
|
|
Batting: LHB Al Chambers
|
0-0: Intentional Walk
|
|
Batting: RHB Alejandro Sanchez
|
0-0: Ball 1-0: Ball Steve Lyons steals 3rd base (no throw) Al Chambers to second 2-0: Foul Ball, location: 2F 2-1: Ball 3-1: Foul Ball, location: 2F 3-2: SINGLE (Flyball, 8LS, EV 93.8 MPH) Steve Lyons scores Al Chambers to third Runner from 3rd tries for Home, SAFE, throw by CF to home
|
|
Batting: LHB James Jennings
|
0-0: Called Strike 0-1: Swinging Strike 0-2: Ball 1-2: SINGLE (Groundball, 34D, EV 98.8 MPH) Alejandro Sanchez to second Runner from 2nd tries for 3rd, SAFE, throw by RF made to third
|
|
Batting: RHB Val Medina
|
0-0: Fly out, F7 (Flyball, 7LM, EV 90.0 MPH) Runner from 3rd tags up, SCORES, no throw by LF
|
|
Pitching: RHP Cecilio Guante
|
|
|
Batting: LHB William Sobbe
|
0-0: Called Strike 0-1: Ball 1-1: Ball 2-1: Foul Ball, location: 2F 2-2: Ball 3-2: Ground out 6-3 (Groundball, 6, EV 104.4 MPH)
|
| Top of the 9th over - 4 runs, 3 hits, 0 errors, 1 left on base; Round Rock 6 - Shreveport 3 |
| BOTTOM OF THE 9TH |
|
Shreveport Braves batting - Pitching for Round Rock Express : RHP Jesus Manaure
|
|
Pitching: LHP Ronald Wrobel
|
|
|
Batting: RHB Jeff Matthews
|
0-0: DOUBLE (Groundball, 5L, EV 103.1 MPH)
|
|
Batting: LHB Rusty McNealy
|
0-0: Ball 1-0: Ball 2-0: Foul Ball, location: 2F 2-1: Foul Ball, location: 2F 2-2: Ball 3-2: Foul Ball, location: 2F 3-2: Reached on error, E6 (Groundball, 6, EV 79.4 MPH) Jeff Matthews scores
|
|
Batting: LHB Robert Loscalzo
|
0-0: Ball 1-0: Foul Ball, location: 2F 1-1: SINGLE (Groundball, 56, EV 100.6 MPH) Rusty McNealy to third
|
|
Batting: SHB Sap Randall
|
0-0: Called Strike 0-1: Ball 1-1: Ball 2-1: Foul Ball, location: 2F 2-2: Fielders Choice at 2nd, 4-6 (Groundball, 4S, EV 77.5 MPH) Rusty McNealy scores
|
|
Batting: RHB Alfonso Gomez
|
0-0: Ball 1-0: Ball 2-0: Ball 3-0: Base on Balls Sap Randall to second
|
|
Batting: LHB Tracy Dophied
|
0-0: Foul Ball, location: 2F 0-1: Ball 1-1: Foul Ball, location: 2F 1-2: Ball 2-2: Ball 3-2: Foul Ball, location: 2F 3-2: Base on Balls Sap Randall to third Alfonso Gomez to second
|
|
Batting: RHB Scott Ullger
|
0-0: Ball 1-0: Called Strike 1-1: Ball 2-1: Ball 3-1: Called Strike 3-2: Grounds into fielders choice 4-2 (Groundball, 4, EV 85.0 MPH) Alfonso Gomez to third Tracy Dophied to second
|
|
Batting: SHB Michael Lessard
|
0-0: Ball 1-0: Foul Ball, location: 2F 1-1: Ball 2-1: Ball 3-1: Base on Balls Alfonso Gomez scores Tracy Dophied to third Scott Ullger to second
|
|
Batting: RHB Therron Harper
|
0-0: Ball 1-0: SINGLE (Line Drive, 78M, EV 106.3 MPH) Tracy Dophied scores
|
| Bottom of the 9th over - 4 runs, 3 hits, 1 error, 0 left on base; Round Rock 6 - Shreveport 7 |
|